 Dungeon Sprint DCSS version 0.23-a0-650-ga4d50d4 (webtiles) character file.

221 Leeroy the Carver (level 5, -2/39 HPs)
             Began as a Barachi Skald on Jan 2, 2019.
             Was a Follower of Qazlal.
             Slain by a starcursed mass (8 damage)
             ... while paralysed by accursed screaming
             ... in the Dungeon (Sprint V: "Ziggurat Sprint").
             The game lasted 00:04:15 (134 turns).

Leeroy the Carver (Barachi Skald)                    Turns: 134, Time: 00:04:16

Health: -2/39      AC: 25    Str: 21    XL:     5   Next: 98%
Magic:  8/8        EV:  2    Int: 14    God:    Qazlal [*.....]
Gold:   0          SH:  0    Dex: 17    Spells: 7/8 levels left

rFire    . . .     SeeInvis .   O - +5 demon blade
rCold    . . .     Gourm    .   J - +18 shield of the Gong {rElec rN+ MR+ EV-5}
rNeg     + . .     Faith    .   I - +15 Maxwell's patent armour {-Cast -Tele rElec MR+ rCorr}
rPois    .         Spirit   .   (no helmet)
rElec    +         Reflect  .   (no cloak)
rCorr    +         Harm     .   (no gloves)
MR       +++..     NoTele   +   (no boots) Stlth ..........NoCast +
                                (no amulet)
HPRegen  0.13/turn              T - ring of Lyefamm Love {MR+ Str+3 Stlth+}
MPRegen  0.11/turn              w - +6 ring of dexterity

@: paralysed, mighty, slow
A: +LOS, swims, slowness 1, strong legs 1
a: Hop, Renounce Religion


You were in the Dungeon.
You worshipped Qazlal.
Qazlal was aware of your devotion.
You were not hungry.

You visited 1 branch

Inventory:

Hand Weapons
 a - a +0 falchion
 K - the +7 Singing Sword {slice, sonic wave}
   (You found it in the Dungeon)

   It inflicts extra damage upon your enemies.
 L - the +11 plutonium sword {*Contam Stlth-}
   (You found it in the Dungeon)

   It causes magical contamination when unequipped.
   It makes you less stealthy.
 M - the +0 sword of Power
   (You found it in the Dungeon)
 N - the +9 sword of Zonguldrok {reap}
   (You found it in the Dungeon)

   If a monster killed with it leaves a corpse in good enough shape, the corpse
   will be animated as a zombie friendly to the killer.
 O - a +5 demon blade (weapon)
 P - a +5 triple sword
 Q - a +5 fustibalus
 U - the +10 mace "Rootweru" {crush, +Fly rF+ MR+}
   (You found it in the Dungeon)

   It inflicts extra damage upon your enemies.
   It protects you from fire.
   It affects your resistance to hostile enchantments.
   It lets you fly.
Missiles
 R - 1000 sling bullets
Armour
 b - a +0 leather armour
 I - the +15 Maxwell's patent armour (worn) {-Cast -Tele rElec MR+ rCorr}
   (You found it in the Dungeon)

   It insulates you from electricity.
   It affects your resistance to hostile enchantments.
   It prevents spellcasting.
   It prevents most forms of teleportation.
   It provides partial protection from all sources of acid and corrosion.
 J - the +18 shield of the Gong (worn) {rElec rN+ MR+ EV-5}
   (You found it in the Dungeon)

   It affects your evasion (-5).
   It insulates you from electricity.
   It protects you from negative energy.
   It affects your resistance to hostile enchantments.
 S - +5 fire dragon scales
Magical Staves
 B - an uncursed staff of energy
Jewellery
 v - a +6 ring of dexterity
 w - a +6 ring of dexterity (right hand)
 x - a +6 ring of intelligence
 y - a +6 ring of intelligence
 z - a +6 ring of strength
 A - a +6 ring of strength
 G - an uncursed ring of flight
 T - the ring of Lyefamm Love (left hand) {MR+ Str+3 Stlth+}
   (You found it in the Dungeon)

   [ring of stealth]

   It affects your strength (+3).
   It affects your resistance to hostile enchantments.
   It makes you more stealthy.
Wands
 D - a wand of disintegration (7)
 E - a wand of iceblast (7)
 F - a wand of acid (7)
Scrolls
 j - 4 scrolls of blinking
 p - 4 scrolls of amnesia
 q - 7 scrolls of fog
 r - a scroll of holy word
 s - 5 scrolls of identify
 t - 5 scrolls of remove curse
 u - 2 scrolls of fear
Potions
 c - 2 potions of brilliance
 e - 10 potions of curing
 f - 5 potions of heal wounds
 g - 6 potions of haste
 h - 7 potions of magic
 i - 3 potions of berserk rage
 k - 2 potions of invisibility
 l - 4 potions of resistance
 m - a potion of experience
 n - 5 potions of agility
 o - 4 potions of might
Miscellaneous
 C - a crystal ball of energy
 H - a lightning rod (4/4)
Comestibles
 d - 7 rations


   Skills:
 - Level 2.4 Fighting
 + Level 13.6 Long Blades
 - Level 1.2 Armour
 - Level 2.1 Dodging
 - Level 2.1 Spellcasting
 - Level 3.2 Charms


You had 7 spell levels left.
You knew the following spells:

 Your Spells              Type           Power        Failure   Level  Hunger
a - Infusion              Chrm           ##..         100%        1    #......

Your spell library contained the following spells:

 Spells                   Type           Power        Failure   Level  Hunger
 Shroud of Golubria       Chrm/Tloc      #.........   100%        2    ###....
 Song of Slaying          Chrm           ##......     100%        2    ###....
 Regeneration             Chrm/Necr      #.........   100%        3    ###....
 Spectral Weapon          Hex/Chrm       #.......     100%        3    ###....


Dungeon Overview and Level Annotations

Branches:
Dungeon (1/1)

Altars:
Ashenzari
Cheibriados
Dithmenos
Elyvilon
Fedhas
Gozag
Hepliaklqana
Kikubaaqudgha
Makhleb
Nemelex Xobeh
Okawaru
Qazlal
Ru
Sif Muna
Trog
Uskayaw
Vehumet
Wu Jian
Xom
Yredelemnul
Zin
The Shining One
Beogh
Jiyva
Lugonu

Annotations:
D 1 transporter


Innate Abilities, Weirdness & Mutations

Shadows flee at your approach. (+LOS)
You can swim through water.
You cover ground slowly.
You can hop short distances.


Message History

The starcursed mass shudders and is absorbed by its neighbour.
You block the starcursed mass's attack.
SHROANNG!
You block the starcursed mass's attack.
GONNNNG!
You block the large abomination's attack.
GONNNNG!
The white imp is engulfed in freezing vapours.
The white imp hits you. The white imp freezes you.
You slice the starcursed mass!!
You destroy the starcursed mass!
Qazlal accepts your kill.
Your Long Blades skill gained 4 levels and is now at level 13!
You have reached level 5!
You block the starcursed mass's attack.
GONNNNG!
A deafening chorus of shrieks assaults your mind!
* * * LOW HITPOINT WARNING * * *
You suddenly lose the ability to move!
The starcursed mass engulfs you!
You die...

▓▓▓▓▓▓▓▓▓▓▓▓▓
▓.8©8.▓.8©8.▓
▓.X|).▓.....▓
▓XX5..▓.....▓
▓X@...▓.....▓
▓.XX..▓.....▓
▓.....▓..©..▓
▓..©..▓▓▓▓▓▓▓
▓▓▓▓▓▓▓


You could see 5 starcursed masses, a large abomination and a white imp.

Vanquished Creatures
  2 starcursed masses (D)
  A jelly (D)
  An ooze (D)
4 creatures vanquished.

Notes
Turn   | Place    | Note
-------+----------+-------------------------------------------
     0 | D        | Found the +6 Majin-Bo {vamp, Archmagi MP+6 Int+6}
     0 | D        | Found the +7 great mace "Firestarter" {inner flame, rF++}
     0 | D        | Leeroy the Barachi Skald began the quest for the Orb.
     0 | D        | Reached XP level 1. HP: 17/17 MP: 3/3
     0 | D        | Found a transporter.
     0 | D        | Found an ancient bone altar of Kikubaaqudgha.
     0 | D        | Found a viscous altar of Jiyva.
     0 | D        | Found a corrupted altar of Lugonu.
     0 | D        | Found a hazy altar of Hepliaklqana.
     0 | D        | Found a burning altar of Makhleb.
     0 | D        | Found an opulent altar of Gozag.
    23 | D        | Found the +9 heavy crossbow "Sniper" {velocity, Acc+∞ SInv}
    23 | D        | Found the +10 dark maul {crush}
    23 | D        | Found the +15 Maxwell's patent armour {-Cast -Tele rElec
                  | MR+ rCorr}
    23 | D        | Found the +18 shield of the Gong {rElec rN+ MR+ EV-5}
    23 | D        | Found the cursed +14 obsidian axe {chop, +Fly SInv *Curse}
    25 | D        | Found the +6 shillelagh "Devastator" {shatter}
    25 | D        | Found the +11 plutonium sword {*Contam Stlth-}
    25 | D        | Found the +8 lance "Wyrmbane" {slay drac, rPois rF+ rC+
                  | AC+3}
    25 | D        | Found the +9 sword of Zonguldrok {reap}
    25 | D        | Found the cursed +13 scythe of Curses {drain, *Curse}
    25 | D        | Found the +0 sword of Power
    25 | D        | Found the +7 mace of Variability {chain chaos}
    25 | D        | Found the +7 Singing Sword {slice, sonic wave}
    25 | D        | Found the +7 longbow "Piercer" {penet, EV-2}
    63 | D        | Became a worshipper of Qazlal Stormbringer
    91 | D        | Entered arena 2.
    91 | D        | Noticed a jelly
    91 | D        | Found a transporter.
    95 | D        | Killed a jelly
    95 | D        | Reached skill level 7 in Long Blades
    95 | D        | Reached XP level 2. HP: 22/23 MP: 5/5
    95 | D        | Reached XP level 3. HP: 26/28 MP: 6/6
    96 | D        | Reached skill level 8 in Long Blades
   100 | D        | Got the ring of Lyefamm Love {MR+ Str+3 Stlth+}
   103 | D        | Got the +10 mace "Rootweru" {crush, +Fly rF+ MR+}
   108 | D        | Entered arena 3.
   108 | D        | Noticed a starcursed mass
   108 | D        | Noticed a large abomination
   108 | D        | Found a transporter.
   131 | D        | Killed a starcursed mass
   131 | D        | Reached * piety under Qazlal
   131 | D        | Reached skill level 9 in Long Blades
   131 | D        | Reached XP level 4. HP: 33/34 MP: 7/7
   134 | D        | Killed a starcursed mass
   134 | D        | Reached skill level 13 in Long Blades
   134 | D        | Reached XP level 5. HP: 14/39 MP: 8/8
   134 | D        | Paralysed by accursed screaming for 1 turns
   134 | D        | Slain by a starcursed mass

Vault maps used:
D:        sprint_v

Skill      XL: |  1  2  3  4 |
---------------+-------------+-----
Long Blades    | 7 9 13 | 13.6
Fighting       | |  2.4
Armour         | |  1.2
Dodging        | |  2.1
Spellcasting   | |  2.1
Charms         | |  3.2

Action                   |  1- 3 |  4- 6 || total
-------------------------+-------+-------++-------
Melee: Demon blade       |    17 |     3 ||    20
  Use: Potion            |     6 |       ||     6
Armor: Plate armour      |    21 |     3 ||    24
Dodge: Dodged            |       |     1 ||     1
Block: Shield            |    34 |    11 ||    45

Table legend:
 A = Non-vault XP
 B = Vault XP
 C = Vault XP percentage of total XP
 D = Non-vault monster count
 E = Vault monster count
 F = Vault count percentage of total count
                 A         B        C        D         E       F
            +---------+---------+-------+---------+---------+-------
      Total |     264 |      52 |  16.5 |       2 |       2 |  50.0
            +---------+---------+-------+---------+---------+-------
          D |     264 |      52 |  16.5 |       2 |       2 |  50.0
            +---------+---------+-------+---------+---------+-------
